 Dungeon Crawl Stone Soup version 0.30.0-13-g156ef70053 (webtiles) character file.

Game seed: 16471155920102539967

4 jagang the Conjurer (level 1, 0/13 HPs)
             Began as a Demonspawn Conjurer on May 17, 2023.
             Slain by a kobold
             ... wielding a +0 short sword
              (2 damage)
             ... on level 1 of the Dungeon.
             The game lasted 00:01:20 (124 turns).

jagang the Conjurer (Demonspawn Conjurer)            Turns: 124, Time: 00:01:21

Health: 0/13       AC:  2    Str:  7    XL:     1   Next: 50%
Magic:  0/3        EV: 12    Int: 19    God:
Gold:   11         SH:  0    Dex: 11    Spells: 3/4 levels left

rFire   . . .        (no weapon)
rCold   . . .        (no shield)
rNeg    . . .        a - +0 robe
rPois   .            (no helmet)
rElec   .            (no cloak)
rCorr   .            (no gloves)
SInv    .            (no boots)
Will    .....        (no amulet)
Stlth   ++           (no ring)
HPRegen 0.22/turn    (no ring)
MPRegen 0.08/turn

%: no passive effects
@: no status effects
A: no striking features
a: no special abilities


You were on level 1 of the Dungeon.
You visited 1 branch of the dungeon, and saw 1 of its levels.

You collected 11 gold pieces.

Inventory:

Armour
 a - a +0 robe (worn)
 c - a +0 scale mail
Potions
 b - a potion of magic


   Skills:
 + Level 1.8 Dodging
 - Level 1.7 Stealth
 * Level 2.1 Spellcasting
 + Level 4.0 Conjurations


You had 3 spell levels left.
You knew the following spells:

 Your Spells              Type           Power      Damage    Failure   Level
a - Magic Dart            Conj           68%        1d6       3%          1

Your spell library contained the following spells:

 Spells                   Type           Power      Damage    Failure   Level
 Searing Ray              Conj           34%        2d5       4%          2
 Dazzling Flash           Conj/Hex       18%        N/A       22%         3
 Fulminant Prism          Conj/Hex       4%         3d5       58%         4
 Iskenderun's Mystic Bla  Conj/Tloc      9%         2d4       58%         4


Dungeon Overview and Level Annotations

Branches:
Dungeon (1/15)

Altars:


Message History

The bat hits you. The bat hits you. The bat attacks as you move away!
The bat hits you. x2
The bat barely misses you. The bat attacks as you move away! The bat hits you.
The bat barely misses you. The bat hits you but does no damage.
Casting: Magic Dart (safe; 3% risk of failure)
Confirm with . or Enter, or press ? or * to list all spells.
Aiming: Magic Dart (safe; 3% risk of failure)
Press: ? - help, Shift-Dir - straight line, f - bat
Aim: a bat (moderately wounded, 100% to hit)
The magic dart hits the bat but does no damage.
The bat is moderately wounded.
The bat hits you. The bat barely misses you. The bat closely misses you.
You miss the bat.
The bat is moderately wounded.
The bat barely misses you.
You hit the bat.
You kill the bat!
You barely miss the kobold.
The kobold is heavily wounded.
The kobold hits you with a +0 short sword.
You closely miss the kobold.
The kobold is heavily wounded.
The kobold hits you with a +0 short sword.
You hit the kobold but do no damage.
The kobold is heavily wounded.
The kobold closely misses you.
You barely miss the kobold.
The kobold is heavily wounded.
The kobold barely misses you.
You miss the kobold.
The kobold is heavily wounded.
The kobold hits you with a +0 short sword.
* * * LOW HITPOINT WARNING * * *
You hit the kobold but do no damage.
The kobold is heavily wounded.
The kobold hits you with a +0 short sword.
You die...

###...##.#.#..#.###
+......K.#.#..#...
##............#.###
#.........#..>...#
#.##########..#### #.
#[.# #. #..# ..
####..# #.@#..#
#########.K#..#
###########.#..#
##8.8#..⌠##.#.K####.#
##...#....'.#.......#
##⌠..#..♣##.##.######.
#⌠_.>#<...+.#.........
##⌠..#..♣##...########
##...#....+..##


You could see a kobold.

Vanquished Creatures
  An endoplasm (D:1)
  A quokka (D:1)
  A bat (D:1)
  A frilled lizard (D:1)
4 creatures vanquished.

Notes
Turn   | Place    | Note
-------+----------+-------------------------------------------
     0 | D:1      | jagang the Demonspawn Conjurer began the quest for the Orb.
     0 | D:1      | Reached XP level 1. HP: 13/13 MP: 3/3
   124 | D:1      | Slain by a kobold

Illustrated notes

Levels and vault maps discovered:
D:1:      spicycebolla_arrival_ecumenical, layout_basic, serial_glass,
          glass_columns_b, glass_columns_a, chequers_serial_rivers_micro_b,
          minmay_misc_feat_chi, minmay_rat_gold_closets

Action                     || total
---------------------------++-------
  Melee: Unarmed           ||    11
   Cast: Magic Dart        ||     8
 Armour: Robe              ||     7
  Dodge: Dodged            ||    22
